 Dungeon Crawl Stone Soup version 0.27.1-3-gb3d3a73c9e (webtiles) character file.

Game seed: 10868663960522966568

2685 Urokeeper the Carver (level 9, -1/71 (72) HPs)
             Began as a Human Brigand on Oct 21, 2021.
             Was a Follower of Uskayaw.
             Slain by a killer bee (4 damage)
             ... on level 9 of the Dungeon.
             The game lasted 00:22:47 (8467 turns).

Urokeeper the Carver (Human Brigand)                Turns: 8467, Time: 00:22:48

HP:   -1/71 (72)    AC:  5    Str: 18 (19) XL:     9   Next: 96%
MP:   9/9           EV: 14    Int:  9 (12) God:    Uskayaw [*.....]
Gold: 358           SH:  0    Dex: 13 (16) Spells: 8/8 levels left

rFire    . . .     SeeInvis .   x - +5 battleaxe
rCold    . . .     Faith    .   (shield currently unavailable)
rNeg     . . .     Spirit   .   h - +0 leather armour
rPois    .         Reflect  .   k - +0 helmet
rElec    .         Harm     .   c - +0 cloak
rCorr    .         Rampage  .   (no gloves)
Will     .....                  (no boots)
Stlth    +.........             (no amulet)
HPRegen  0.21/turn              o - +6 ring of strength
MPRegen  0.11/turn              (no ring)

@: confused, lethally poisoned (-1 -> -28), ambrosia-drunk, lightly drained
A: no striking features
a: Renounce Religion, Stomp


You were on level 9 of the Dungeon.
You worshipped Uskayaw.
Uskayaw was noncommittal.
You visited 1 branch of the dungeon, and saw 7 of its levels.

You collected 358 gold pieces.

Inventory:

Hand Weapons
 a - a +2 dagger
 f - a +2 dagger of venom
 j - a +0 falchion of holy wrath
 w - a +0 long sword
 x - a +5 battleaxe (weapon)
Missiles
 d - 35 poisoned darts
 e - a curare-tipped dart
Armour
 c - a +0 cloak (worn)
 h - a +0 leather armour (worn)
 k - a +0 helmet (worn)
Jewellery
 o - a +6 ring of strength (left hand)
Wands
 i - a wand of polymorph (11) (quivered)
 q - a wand of iceblast (6)
 y - a wand of digging (5)
Scrolls
 g - a scroll of acquirement {unknown}
 m - a scroll of silence {unknown}
 n - a scroll of noise {unknown}
 p - 2 scrolls of identify {unknown}
 r - a scroll of fear {unknown}
 s - 2 scrolls of amnesia {unknown}
 t - 2 scrolls of magic mapping {unknown}
 u - 2 scrolls of blinking {unknown}
 v - 5 scrolls of teleportation {unknown}
 z - a scroll of enchant armour {unknown}
Potions
 l - a potion of brilliance


   Skills:
 + Level 7.4 Fighting
 - Level 2.0(6.6) Short Blades
 * Level 10.0(10.1) Long Blades
 - Level 2.0 Throwing
 + Level 7.2 Dodging
 + Level 8.8 Stealth


You had 8 spell levels left.
You didn't know any spells.
Your spell library contained the following spells:

 Spells                   Type           Power      Damage    Failure   Level
 Shock                    Conj/Air       0%         1d3       43%         1
 Summon Small Mammal      Summ           0%         N/A       43%         1
 Call Canine Familiar     Summ           0%         N/A       82%         3
 Ozocubu's Armour         Ice            0%         N/A       82%         3
 Summon Guardian Golem    Hex/Summ       0%         N/A       82%         3
 Swiftness                Air            0%         N/A       82%         3
 Airstrike                Air            0%         N/A       99%         4
 Ozocubu's Refrigeration  Ice            0%         4d5       100%        7
 Borgnjor's Revivificati  Necr           0%         N/A       100%        8
 Necromutation            Tmut/Necr      0%         N/A       100%        8
 Death's Door             Necr           0%         N/A       100%        9


Dungeon Overview and Level Annotations

Branches:
Dungeon (6/15)             Temple (0/1) D:5

Altars:
Makhleb
Uskayaw
Xom

Shops:
D:2 [

Annotations:
D:4 Blork the orc, Pikel


Message History

The killer bee misses you. The killer bee stings you. x2
You miss the killer bee. You closely miss the killer bee.
The killer bee barely misses you.
The killer bee stings you but does no damage.
The killer bee stings you!
* * * LOW HITPOINT WARNING * * *
The killer bee barely misses you. The killer bee misses you.
The killer bee barely misses you.
You miss the killer bee. You hit the killer bee.
The killer bee barely misses you. The killer bee stings you.
* * * LOW HITPOINT WARNING * * *
You are poisoned.
The killer bee poisons you! The killer bee closely misses you.
The killer bee stings you but does no damage. x2
The killer bee stings you.
* * * LOW HITPOINT WARNING * * *
The killer bee barely misses you.
It was a potion of ambrosia.
You are confused.
You feel invigorated.
You feel sick. The killer bee barely misses you. x2
The killer bee stings you.
* * * LOW HITPOINT WARNING * * *
You are lethally poisoned!
The killer bee poisons you!
The killer bee stings you but does no damage.
You feel sick.
The killer bee stings you but does no damage.
You feel very sick. The killer bee stings you.
* * * LOW HITPOINT WARNING * * *
You completely miss the killer bee. You miss the killer bee.
You feel sick. The killer bee barely misses you. The killer bee stings you.
* * * LOW HITPOINT WARNING * * *
You are lethally poisoned!
The killer bee poisons you! The killer bee barely misses you.
The killer bee stings you.
* * * LOW HITPOINT WARNING * * *
You are more poisoned.
The killer bee poisons you! The killer bee stings you.
You die...

#...##...........
....#................
..^.....###.y.#......
.......##...........
#..##..#......(....
#..#..##.....#.....
##.....#.....#....#
#...........##....#
##y@#..##....# #.###
#.yy##.##..### ##
#.....y.(.##
##.##..#### ## ####


You could see 3 killer bees.

Vanquished Creatures
  Prince Ribbit (D:5)
  Sigmund (D:3)
  A steam dragon (D:6)
  A sky beast (D:5)
  A hornet zombie (D:5)
  2 ogres
  2 lemures (D:4)
  A wyvern zombie (D:6)
  A water moccasin skeleton (D:4)
  6 wights
  3 orc priests
  A gnoll shaman (D:6)
  2 centaur skeletons (D:4)
  3 orc wizards
  2 iguanas
  A hound skeleton (D:4)
  Robin (D:2)
  5 gnolls
  6 adders
  2 river rats (D:4)
  An ufetubus (D:4)
  An adder skeleton (D:4)
  A worm (D:3)
  19 orcs
  4 endoplasms
  12 giant cockroaches
  13 goblins
  10 hobgoblins
  5 quokkas
  5 ball pythons
  5 bats
  A frilled lizard (D:1)
  4 kobolds
  4 rats
128 creatures vanquished.

Vanquished Creatures (others)
  A goblin (D:2)
1 creature vanquished.

Grand Total: 129 creatures vanquished

Notes
Turn   | Place    | Note
-------+----------+-------------------------------------------
     0 | D:1      | Urokeeper the Human Brigand began the quest for the Orb.
     0 | D:1      | Reached XP level 1. HP: 16/16 MP: 1/1
   175 | D:1      | Reached XP level 2. HP: 22/22 MP: 2/2
   192 | D:1      | Reached skill level 1 in Long Blades
   615 | D:1      | Reached XP level 3. HP: 25/27 MP: 3/3
   961 | D:2      | Noticed Robin
   973 | D:2      | Killed Robin
   974 | D:2      | Reached XP level 4. HP: 11/34 MP: 4/4
  1287 | D:2      | Reached skill level 2 in Long Blades
  2078 | D:2      | Found Wiolo's Armour Shoppe.
  2224 | D:3      | Noticed Sigmund
  2226 | D:3      | Noticed an ogre
  2243 | D:3      | Killed Sigmund
  2244 | D:3      | Reached skill level 3 in Long Blades
  2244 | D:3      | Reached XP level 5. HP: 31/41 MP: 5/5
  2244 | D:3      | Reached XP level 6. HP: 36/47 MP: 6/6
  2262 | D:3      | Killed an ogre
  2263 | D:3      | Reached skill level 5 in Stealth
  2454 | D:2      | Reached XP level 7. HP: 44/52 MP: 7/7
  2560 | D:3      | Reached skill level 4 in Long Blades
  2869 | D:3      | Found a faded altar of an unknown god.
  3045 | D:3      | Found a burning altar of Makhleb.
  3045 | D:3      | Noticed a blizzard demon
  4185 | D:4      | Noticed Pikel
  4185 | D:4      | Noticed Blork the orc
  4564 | D:5      | Entered Level 5 of the Dungeon
  4621 | D:5      | Noticed Prince Ribbit
  4633 | D:5      | Killed Prince Ribbit
  4634 | D:5      | Reached skill level 5 in Long Blades
  4634 | D:5      | Reached XP level 8. HP: 60/60 MP: 8/8
  5454 | D:5      | Found a hide-covered altar of Uskayaw.
  5531 | D:5      | Became a worshipper of Uskayaw the Reveller
  5705 | D:5      | Reached * piety under Uskayaw
  5711 | D:5      | Found a staircase to the Ecumenical Temple.
  5755 | D:5      | HP: 3/61 [hornet zombie (6)]
  5758 | D:5      | Reached skill level 9 in Long Blades
  5758 | D:5      | Reached XP level 9. HP: 7/72 MP: 9/9
  6265 | D:5      | Found a shimmering altar of Xom.
  6265 | D:5      | Found a shimmering altar of Xom.
  6265 | D:5      | Found a shimmering altar of Xom.
  6268 | D:5      | Found a shimmering altar of Xom.
  6268 | D:5      | Found a shimmering altar of Xom.
  6481 | D:6      | Reached ** piety under Uskayaw
  8119 | D:6      | Reached skill level 10 in Long Blades
  8442 | D:6      | You fall into a shaft and drop 3 floors!
  8467 | D:9      | HP: 3/71 [killer bee (4)]
  8467 | D:9      | Slain by a killer bee

Illustrated notes

Levels and vault maps discovered:
D:1:      nagdon_arrival_double_spiral, layout_basic
D:2:      layout_loops_ring, serial_shops, shop, uniq_robin
D:3:      layout_rooms, makhleb_altar_promises_db,
          hellmonk_ecumenical_altar_inner_sanctum, grunt_decor_junction,
          uniq_sigmund
D:4:      layout_gridville, portal_sewer_entry_b, minmay_rat_hole, uniq_pikel,
          uniq_blork_the_orc
D:5:      layout_basic, xom_redecorated, eat_drink_and_be_merry_uskayaw,
          minmay_temple_entry_offerings, uniq_prince_ribbit1
D:6:      layout_rooms
D:9:      statuecave_lemuel, layout_cave_pools, serial_glass, glass_columns_a,
          glass_columns_a, glass_columns_a, glass_columns_a, glass_columns_a

Skill      XL: |  1  2  3  4  5  6  7  8  9 |
---------------+----------------------------+-----
Long Blades    | 1 3 5 9 10 | 10.0
Dodging        | 2 3 6 7 |  7.2
Fighting       | 3 4 7 |  7.4
Stealth        | 5 8 |  8.8
Short Blades   | |  2.0
Throwing       | |  2.0

Action                   |  1- 3 |  4- 6 |  7- 9 || total
-------------------------+-------+-------+-------++-------
Melee: Dagger            |    23 |    15 |    23 ||    61
       Falchion          |    69 |    60 |   226 ||   355
       Long sword        |       |       |    48 ||    48
       Battleaxe         |       |       |    67 ||    67
Throw: Dart              |     2 |     1 |     7 ||    10
Evoke: Wand              |       |       |     2 ||     2
  Use: Potion            |       |     2 |     8 ||    10
 Stab: Sleeping          |    11 |     1 |     8 ||    20
Armor: Robe              |     3 |       |       ||     3
       Leather armour    |    27 |    30 |   116 ||   173
       Skin              |       |       |    15 ||    15
Dodge: Dodged            |    38 |    67 |   288 ||   393
       Rpst.: Falchion   |    12 |    17 |    50 ||    79
       Long sword        |       |       |    12 ||    12
